 Dungeon Crawl Stone Soup version 0.27.1-35-g4d5d836560 (webtiles) character file.

Game seed: 15416100429202453941

14 Delamore the Sneak (level 2, 0/19 HPs)
             Began as an Octopode Brigand on May 2, 2022.
             Slain by a jackal (2 damage)
             ... on level 1 of the Dungeon.
             The game lasted 00:00:30 (34 turns).

Delamore the Sneak (Octopode Brigand)                 Turns: 34, Time: 00:00:30

Health: 0/19       AC:  1    Str: 10    XL:     2   Next: 41%
Magic:  2/2        EV: 12    Int: 13    God:
Gold:   0          SH:  0    Dex: 13    Spells: 1/1 levels left

rFire    . . .     SeeInvis .   a - +2 dagger
rCold    . . .     Faith    .   (no shield)
rNeg     . . .     Spirit   .   (helmet restricted)
rPois    .         Reflect  .   (no amulet)
rElec    .         Harm     .   (no ring)
rCorr    .         Rampage  .   (no ring)
Will     .....                  (no ring)
Stlth    ++++......             (no ring)
HPRegen  0.06/turn              (no ring)
MPRegen  0.08/turn              (no ring)
                                (no ring)
                                (no ring)

@: no status effects
A: almost no armour, amphibious, 8 rings, camouflage 1, gelatinous body 1,
(nimble swimmer 1), tentacles
a: no special abilities


You were on level 1 of the Dungeon.
You visited 1 branch of the dungeon, and saw 1 of its levels.

Inventory:

Hand Weapons
 a - a +2 dagger (weapon)
Missiles
 b - a poisoned dart (quivered)
Scrolls
 d - 2 scrolls of identify {unknown}


   Skills:
 - Level 2.0 Fighting
 * Level 2.7 Short Blades
 - Level 2.0 Throwing
 - Level 1.0 Dodging
 + Level 5.6 Stealth


You had one spell level left.
You didn't know any spells.
Your spell library was empty.

Dungeon Overview and Level Annotations

Branches:
Dungeon (1/15)

Altars:


Innate Abilities, Weirdness & Mutations

You cannot wear most types of armour.
You are amphibious.
You can wear up to eight rings at the same time.
Your skin changes colour to match your surroundings (Stealth+).
Your rubbery body absorbs attacks. (AC +1, EV +1)
((You are camouflaged near water. (Stealth+)))
You have tentacles for arms and can constrict up to eight enemies at once.


Message History

You kill the endoplasm!
Throw: 3 darts (poison)
Press: ? - help, Q - select action Shift-Dir - straight line, f - giant cockroach, p - giant cockroach
Aim: a giant cockroach (59% to hit)
You throw a poisoned dart.
The poisoned dart hits the giant cockroach.
The giant cockroach is poisoned.
The giant cockroach waves its antennae.
You hit the giant cockroach but do no damage.
Your grab misses the giant cockroach.
Your squeeze misses the giant cockroach.
The giant cockroach is severely wounded.
The giant cockroach bites you.
* * * LOW HITPOINT WARNING * * *
The giant cockroach bites you.
* * * LOW HITPOINT WARNING * * *
You hit the giant cockroach.
You kill the giant cockroach!
The giant cockroach closely misses you.
You hit the giant cockroach.
You kill the giant cockroach!
You hit the jackal. You grab the jackal. You squeeze the jackal.
You kill the jackal!
Throw: 2 darts (poison)
Press: ? - help, Q - select action Shift-Dir - straight line, f - jackal
Aim: a jackal (51% to hit)
You throw a poisoned dart.
The poisoned dart closely misses the jackal.
The poisoned dart barely misses the giant cockroach.
The jackal bites you.
* * * LOW HITPOINT WARNING * * *
The jackal bites you.
* * * LOW HITPOINT WARNING * * *
You aren't carrying any potions.
You closely miss the jackal. Your grab misses the jackal.
The jackal barely misses you.
You hit the jackal. Your grab misses the jackal.
The jackal is heavily wounded.
The jackal bites you.
You die...

#........
#.......
#...... ....
###'#######+###
#..⌠...>...⌠..#
#....).<......#
+⌠...†###....⌠+
#....@hB....(.#
#######J#######
#.....BB(.....#
#.............#
#.........(...#
##############


You could see an endoplasm, a jackal and 3 giant cockroaches.

Vanquished Creatures
  2 endoplasms (D:1)
  6 giant cockroaches (D:1)
  2 jackals (D:1)
10 creatures vanquished.

Notes
Turn   | Place    | Note
-------+----------+-------------------------------------------
     0 | D:1      | Delamore the Octopode Brigand began the quest for the Orb.
     0 | D:1      | Reached XP level 1. HP: 14/14 MP: 1/1
     2 | D:1      | Found a runed translucent door.
    22 | D:1      | Reached XP level 2. HP: 11/19 MP: 2/2
    34 | D:1      | Slain by a jackal

Illustrated notes

Levels and vault maps discovered:
D:1:      dpeg_arrival_caged_fury, layout_basic

Action                   || total
-------------------------++-------
Melee: Dagger            ||    15
       Constrict         ||     3
       Tentacles         ||     2
Throw: Dart              ||     9
Armor: Skin              ||     1
Dodge: Dodged            ||     4
